AoeStats
← PeterFickMeinBein

Arabia

503864526Analyzed
2v2 RM · 1mo ago on Sep 2, 2026· 53m 53s· 4 players
Game mode
Random Map
Map size
Medium (4 player)
Population
200
Speed
Normal
Resources
Standard
Victory
Conquest
Starting age
Dark Age
Ending age
Imperial Age
RankedLock teamsTeams togetherTeam positionsShared explorationLock speedFull tech treeHidden civsTurbo modeCheats
Victory
Defeat
🇦🇹 Lithuanians · Austria
1295
+16
🇦🇹 Vietnamese · Austria
1285
+16
🇩🇪 Vietnamese · Germany
1295
-16
🇩🇪 Huns · Germany
1286
-16
Mephisto
5:15 Loom
10:39 Feudal Age
11:28 Horse Collar
11:57 Town Watch
12:00 Double-Bit Axe
14:00 Fletching
17:15 Padded Archer Armor
24:51 Castle Age
23:42 Gold Mining
23:42 Stone Mining
25:41 Bodkin Arrow
25:07 Crossbowman
26:43 Wheelbarrow
26:22 Bow Saw
26:17 Heavy Plow
26:48 Leather Archer Armor
30:07 Hand Cart
34:44 Thumb Ring
36:39 Ballistics
39:35 Imperial Age
39:49 Arbalester
40:39 Bracer
42:01 Two-Man Saw
41:40 Stone Shaft Mining
41:53 Crop Rotation
43:05 Chemistry
43:10 Ring Archer Armor
43:21 Scale Barding Armor
48:57 Husbandry
49:07 Bloodlines
50:11 Paper Money
54:10 Murder Holes
53:56 Treadmill Crane
Enkidu
7:17 Loom
9:28 Feudal Age
9:34 Loom
10:34 Double-Bit Axe
11:40 Horse Collar
16:46 Scale Barding Armor
19:50 Forging
24:41 Castle Age
25:18 Wheelbarrow
25:54 Bloodlines
25:45 Husbandry
26:03 Bow Saw
27:55 Iron Casting
36:24 Chain Barding Armor
42:05 Imperial Age
40:29 Hand Cart
41:28 Herbal Medicine
42:08 Capped Ram
43:12 Conscription
42:44 Cavalier
47:58 Town Watch
48:40 Ballistics
49:21 Chemistry
48:04 Treadmill Crane
49:04 Paladin
52:11 Plate Barding Armor
PeterFickMeinBein
6:17 Loom
8:47 Feudal Age
10:37 Double-Bit Axe
11:16 Horse Collar
19:11 Wheelbarrow
20:47 Castle Age
18:49 Gold Mining
19:08 Scale Barding Armor
19:50 Bloodlines
26:53 Forging
36:38 Bow Saw
40:59 Chain Barding Armor
43:45 Wheelbarrow
45:45 Imperial Age
43:04 Town Watch
43:59 Heavy Plow
44:38 Iron Casting
48:42 Fletching
50:33 Elite Tarkan
52:17 Plate Barding Armor
IPQOM
6:51 Loom
9:37 Feudal Age
10:21 Double-Bit Axe
15:12 Fletching
20:24 Wheelbarrow
21:09 Padded Archer Armor
25:12 Castle Age
23:36 Gold Mining
25:15 Crossbowman
26:49 Bodkin Arrow
27:09 Leather Archer Armor
27:42 Thumb Ring
28:28 Town Watch
28:59 Hand Cart
32:46 Ballistics
43:00 Imperial Age
41:35 Scale Barding Armor
42:15 Forging
42:18 Chatras
41:55 Elite Skirmisher
42:57 Chain Barding Armor
42:52 Bloodlines
42:43 Husbandry
43:11 Bow Saw
42:43 Horse Collar
44:22 Bracer
45:35 Plate Barding Armor
45:34 Light Cavalry
46:30 Elite Battle Elephant
51:25 Chemistry
Connection lost

Rejoining the realm…

Still unreachable

The connection could not be restored.

Session expired

The server has moved on; the page needs a fresh start.